 Dungeon Crawl Stone Soup version 0.20.1-2-g1830e616b0 (webtiles) character file.

104167 BrandedWarrior the Blocker (level 15, -10/139 HPs)
             Began as a Troll Monk on July 30, 2017.
             Was the Champion of Nemelex Xobeh.
             Shot with a sling bullet by a satyr (21 damage)
             ... on level 4 of the Shoals on Feb 20, 2021.
             The game lasted 03:55:36 (25299 turns).

BrandedWarrior the Blocker (Troll Monk)            Turns: 25299, Time: 03:55:37

Health: -10/139    AC: 21    Str: 25    XL:     15   Next: 91%
Magic:  21/21      EV:  6    Int:  8    God:    Nemelex Xobeh [******]
Gold:   1052       SH:  0    Dex: 13    Spells: 12/20 levels left

rFire    . . .     SeeInvis +     - Unarmed
rCold    + + .     Gourm    +   d - +0 large shield
rNeg     . . .     Faith    .   I - +3 ice dragon scales of Siynux {+Fly rElec rPois rF- rC++}
rPois    +         Spirit   .   Z - +1 hat {MR+}
rElec    +         Reflect  .   W - +2 cloak
rCorr    .         Harm     .   (gloves unavailable)
MR       ++...                  (boots unavailable)
Stlth    ..........             (no amulet)
Regen    0.8/turn               O - ring of protection from fire
MPRegen  0.2/turn               K - ring of see invisible

@: afraid, mesmerised, held
A: unfitting armour, claws 3, fast metabolism 3, gourmand, regeneration 1,
shaggy fur 1, tough skin 2
a: Triple Draw, Deal Four, Stack Five, Renounce Religion, Evoke Flight


You were on level 4 of the Shoals.
You worshipped Nemelex Xobeh.
Nemelex Xobeh was exalted by your worship.
You were full.

You visited 5 branches of the dungeon, and saw 26 of its levels.
You also visited: Ice Cave and Volcano.

You collected 2845 gold pieces.
You spent 1793 gold pieces at shops.

Inventory:

Hand Weapons
 Y - a +1 morningstar of holy wrath
Missiles
 a - 11 large rocks
 n - 14 javelins (quivered)
 q - 5 tomahawks of returning
 s - 5 throwing nets
Armour
 d - a +0 large shield (worn)
 B - a +2 robe of magic resistance
 I - the +3 ice dragon scales of Siynux (worn) {+Fly rElec rPois rF- rC++}
   (You bought it in a shop on level 2 of the Orcish Mines)

   It makes you vulnerable to fire.
   It greatly protects you from cold.
   It insulates you from electricity.
   It protects you from poison.
   It lets you fly.
 L - a +2 robe of resistance
 S - a +2 robe of the Archmagi
 V - a +1 troll leather armour
 W - a +2 cloak (worn)
 Z - a +1 hat of magic resistance (worn)
Jewellery
 h - the ring "Jyuliodi" {rElec rPois rF+ MR- Slay+5}
   (You found it on level 1 of the Orcish Mines)

   [ring of protection from fire]

   It affects your accuracy and damage with ranged weapons and melee attacks
   (+5).
   It protects you from fire.
   It insulates you from electricity.
   It protects you from poison.
   It affects your resistance to hostile enchantments.
 K - a ring of see invisible (right claw)
 O - a ring of protection from fire (left claw)
Wands
 A - a wand of digging (11/24)
Scrolls
 c - 6 scrolls of remove curse
 i - 5 scrolls of fog
 j - 3 scrolls of recharging
 y - 4 scrolls of amnesia
 z - a scroll of summoning
 E - 4 scrolls of enchant weapon
 F - 10 scrolls of teleportation
 G - a scroll of fear
 M - a scroll of blinking
 N - a scroll of identify
 Q - 2 scrolls of immolation
Potions
 k - 2 potions of resistance
 l - 2 potions of berserk rage
 m - 9 potions of curing
 o - a potion of cancellation
 r - 2 potions of agility
 u - 6 potions of brilliance
 v - 3 potions of haste
 w - 3 potions of might
 x - 3 potions of invisibility
 C - 4 potions of heal wounds
 R - 2 potions of magic
Miscellaneous
 e - a legendary deck of destruction {drawn: 5}
 g - a legendary deck of summoning
 t - an ornate deck of escape
 D - an ornate deck of escape {drawn: 3}
 H - a legendary deck of escape {the Tomb, left: 2}
 J - an ornate deck of escape
 P - a legendary deck of summoning
 T - a legendary deck of summoning {the Rangers, left: 4}
 U - a lightning rod (4/4)
 X - an ornate deck of escape
Comestibles
 b - 17 bread rations
 f - 15 meat rations
 p - 41 fruits


   Skills:
 + Level 6.9 Fighting
 + Level 6.0 Throwing
 * Level 5.1 Armour
 + Level 9.3 Dodging
 - Level 1.1 Stealth
 + Level 13.4 Shields
 + Level 13.1 Unarmed Combat
 + Level 3.0 Spellcasting
 + Level 1.8 Charms
 + Level 3.1 Ice Magic
 * Level 10.4 Invocations


You had 12 spell levels left.
You knew the following spells:

 Your Spells              Type           Power        Failure   Level  Hunger
a - Ozocubu's Armour      Chrm/Ice       #.......     77%         3    ####...
b - Blade Hands           Tmut           #.........   100%        5    ######.


Dungeon Overview and Level Annotations

Branches:
Dungeon (13/15)            Temple (1/1) D:5            Lair (6/6) D:9
 Shoals (4/4) Lair:3        Snake (0/4) Lair:3        Slime (0/5) Lair:6
    Orc (2/2) D:9             Elf (0/3) Orc:2        Vaults (0/5) D:13

Altars:
Ashenzari
Cheibriados
Dithmenos
Elyvilon
Fedhas
Gozag
Hepliaklqana
Kikubaaqudgha
Makhleb
Nemelex Xobeh
Okawaru
Qazlal
Ru
Sif Muna
Trog
Uskayaw
Vehumet
Xom
Yredelemnul
Zin
The Shining One
Beogh
Jiyva

Shops:
D:4 !   Orc:2 *[(:

Portals:
Trove: D:13 (give +5 demon blade)


Innate Abilities, Weirdness & Mutations

You are too large for most types of armour.
You have claws for hands.
Your metabolism is lightning-fast.
You like to eat raw meat.
Your natural rate of healing is unusually fast.
You are covered in fur. (AC +1)
You have very tough skin. (AC +2)


Message History

The merfolk impaler hits you from afar with a trident.
* * * LOW HITPOINT WARNING * * *
Uzenwaot gestures at the merfolk.
The bolt of acid hits the merfolk.
The merfolk is splashed with acid.
The acid corrodes the merfolk!
The merfolk dies!
The bolt of acid hits the merfolk impaler.
The merfolk impaler is splashed with acid.
The acid corrodes the merfolk impaler!
The bolt of acid hits the merfolk.
The merfolk is splashed with acid.
The acid corrodes the merfolk!
The merfolk dies!
The harpy claws the plant!
The harpy claws the plant.
The faun shoots a stone.
The stone hits you!
* * * LOW HITPOINT WARNING * * *
Your air elemental barely misses the merfolk impaler.
The satyr unwields an uncursed club.
The satyr wields an uncursed fustibalus.
The satyr shoots a sling bullet.
The sling bullet hits you!!
You die...
Your body glows with a rainbow of weird colours and disappears.

.#### ...≈...≈≈
..mY #..≈≈≈.≈≈≈
#§§####§.≈≈≈≈≈≈≈
##.§§.##..≈..≈≈≈≈
###..≈≈§.§.§§...≈≈≈
.)..§.≈..§§§§≈..≈≈≈
......≈≈(.§†§&≈≈≈≈≈
.....≈§§..2.E)≈≈≈≈.
.....≈§.k§≈@WmHP≈..
.....≈≈mmPPP§)H≈≈..
.....§§≈.§§P§PcPPP.
.?...≈≈P≈§PHHcc.P.#
....≈≈≈≈≈≈PcS..≈.##
....≈≈m≈≈C≈EcP.≈..P
....≈≈≈≈m≈≈EmP.≈≈.P
.....≈..m.P...≈


You could see a merfolk impaler, a merfolk javelineer, a satyr, a sea snake, 2
merfolk aquamancers, a wind drake, 3 merfolk, 4 fauns, a cyclops, 2 water
elementals, a merfolk siren, 4 harpies, a dream sheep, the friendly Uzenwaot, a
friendly blizzard demon, a friendly flayed ghost and a friendly air elemental.

Vanquished Creatures
  A storm dragon (Lair:4)
  Kirke (Shoals:1)
  A merfolk impaler (Shoals:3)
  A fire dragon (D:13)
  2 hydras
  A vault guard (D:13)
  A merfolk aquamancer (Shoals:3)
  A centaur warrior (D:13)
  A satyr (Shoals:3)
  2 merfolk avatars
  A death yak (Lair:6)
  Urug (Lair:2)
  Nergalle (D:11)
  The ghost of ceb the Poker, a novice DsGl of Makhleb (D:8)
  8 sea snakes
  An unseen horror (shapeshifter) (Lair:4)
  9 harpies
  A mana viper (Orc:1)
  2 cyclopes
  A deep elf mage (D:13)
  2 salamanders (Volcano)
  An orc knight (Orc:2)
  12 fauns
  15 manticores
  3 ugly things
  5 elephants (Lair:6)
  A black mamba (Lair:6)
  2 torpor snails
  2 centaur zombies
  2 molten gargoyles (Lair:3)
  4 merfolk sirens
  3 centaur skeletons (D:12)
  4 ice statues
  A water nymph (Shoals:3)
  8 spiny frogs
  3 rime drakes (Lair:6)
  6 komodo dragons
  2 wind drakes
  4 polar bears
  8 merfolk
  2 hornets
  6 trolls
  4 blink frogs
  4 slime creatures
  3 dream sheep
  7 hippogriffs
  3 snapping turtles
  5 water elementals
  2 spriggans (Lair:5)
  A vampire (D:11)
  A wraith (Shoals:1)
  2 wyverns
  A human (D:7)
  6 hogs
  32 yaks
  6 basilisks
  2 hungry ghosts
  11 fire bats
  Menkaure (D:4)
  A warg (Orc:1)
  12 water moccasins
  A hell hound (Orc:2)
  9 porcupines
  17 orc warriors
  14 ice beasts
  A sky beast (D:11)
  2 black bears
  5 ogres
  An eye of draining (D:11)
  6 phantoms
  A boggart (Orc:1)
  17 wolves
  8 crocodiles
  7 centaurs
  A big kobold (D:7)
  2 gnoll sergeants
  13 bullfrogs
  4 scorpions
  A wyvern skeleton (D:13)
  A jelly (D:10)
  4 killer bees (D:11)
  An electric eel (Lair:3)
  2 howler monkeys
  4 crimson imps
  7 lava snakes
  5 hounds
  8 orc priests
  Crazy Yiuf (D:7)
  A bullfrog skeleton (D:13)
  Ijyb (D:4)
  4 iguanas
  20 orc wizards
  9 worker ants
  A hound skeleton (D:8)
  Robin (D:4)
  11 gnolls
  15 adders
  A river rat (D:12)
  2 shadow imps
  A white imp (Lair:3)
  5 oozes
  An adder zombie (D:9)
  3 adder skeletons
  2 worms (D:5)
  2 dart slugs (D:2)
  3 leopard geckos
  62 orcs
  9 bats
  4 giant cockroaches
  9 goblins
  11 hobgoblins
  10 jackals
  4 quokkas
  A ball python (D:2)
  4 frilled lizards
  A giant cockroach zombie (D:5)
  2 jackal skeletons
  11 kobolds
  7 rats
  A bush (Lair:3)
  5 plants
605 creatures vanquished.

Vanquished Creatures (collateral kills)
  Gastronok (Orc:1)
  An orc warlord (Orc:2)
  A dire elephant (Lair:6)
  Azrael (Orc:2)
  An ettin (Orc:1)
  Josephine (Shoals:1)
  A merfolk impaler (Shoals:1)
  An ogre mage (D:13)
  An ice dragon (Lair:3)
  Erica (D:8)
  3 two-headed ogres
  A merfolk aquamancer (Shoals:2)
  3 death yaks (Lair:6)
  2 orc high priests
  A deep elf knight (Orc:2)
  A hell knight (Volcano)
  A salamander mystic (Volcano)
  4 sea snakes
  5 harpies
  7 orc sorcerers
  3 orc knights
  2 fauns
  A cyclops (Shoals:2)
  3 salamanders (Volcano)
  A merfolk siren (Shoals:3)
  A centaur zombie (D:13)
  8 elephants (Lair:6)
  A molten gargoyle (Lair:5)
  2 water nymphs
  4 spiny frogs
  4 rime drakes (Lair:6)
  7 komodo dragons
  4 trolls
  2 hornets
  7 merfolk
  A wind drake (Shoals:1)
  A hippogriff (D:13)
  A slime creature (D:10)
  12 dream sheep
  6 blink frogs
  2 snapping turtles
  9 yaks
  4 wraiths (Shoals:1)
  A shadow (D:12)
  A water elemental (Shoals:2)
  A wyvern (Lair:6)
  3 hogs
  A fire bat (Volcano)
  2 basilisks
  Edmund (D:4)
  3 water moccasins (Lair:6)
  2 porcupines
  3 hell hounds (Orc:2)
  18 orc warriors
  2 ice beasts
  A black bear (D:12)
  11 ogres
  5 centaurs (D:13)
  3 crocodiles (Lair:6)
  A bullfrog (D:13)
  10 orc wizards
  7 orc priests
  2 worker ants
  4 gnolls
  23 orcs
  A giant cockroach (D:8)
  2 fungi
  A plant (Shoals:1)
233 creatures vanquished.

Vanquished Creatures (others)
  A komodo dragon (Lair:6)
  A blink frog (Lair:6)
  A hog (Shoals:1)
  A fire bat (Lair:3)
  7 yaks (D:11)
  An orc warrior (D:10)
  A wolf (Lair:2)
  An ogre (D:9)
  A crocodile (Lair:6)
  An orc priest (D:10)
  3 orc wizards
  3 ball lightnings
  3 orcs
  17 fungi
  39 plants
81 creatures vanquished.

Grand Total: 919 creatures vanquished

Notes
Turn   | Place    | Note
-------+----------+-------------------------------------------
     0 | D:1      | BrandedWarrior the Troll Monk began the quest for the Orb.
     0 | D:1      | Reached XP level 1. HP: 22/22 MP: 0/0
   119 | D:2      | Found a radiant altar of Vehumet.
   138 | D:2      | Reached XP level 2. HP: 18/29 MP: 1/1
   928 | D:1      | Reached XP level 3. HP: 36/36 MP: 2/2
  1201 | D:2      | Reached XP level 4. HP: 40/44 MP: 3/3
  1695 | D:3      | Reached skill level 1 in Throwing
  1805 | D:3      | Reached XP level 5. HP: 50/50 MP: 4/4
  2259 | D:4      | Noticed Edmund
  2271 | D:4      | Noticed Ijyb
  2317 | D:4      | Killed Ijyb
  2317 | D:4      | Reached XP level 6. HP: 59/59 MP: 5/5
  2622 | D:4      | Reached skill level 5 in Unarmed Combat
  2742 | D:4      | Found Faeffico's Distillery.
  2766 | D:4      | Bought a potion of heal wounds for 70 gold pieces
  2766 | D:4      | Bought a potion of might for 56 gold pieces
  2766 | D:4      | Bought a potion of curing for 42 gold pieces
  2796 | D:4      | Noticed Menkaure
  2812 | D:4      | Killed Menkaure
  2836 | D:4      | Noticed Robin
  2851 | D:4      | HP: 2/59 [Robin/mace (4)]
  2853 | D:4      | Killed Robin
  3339 | D:4      | Reached XP level 7. HP: 53/66 MP: 6/6
  3445 | D:5      | Entered Level 5 of the Dungeon
  3675 | D:5      | Found a staircase to the Ecumenical Temple.
  3684 | Temple   | Entered the Ecumenical Temple
  3803 | Temple   | Became a worshipper of Nemelex Xobeh the Trickster
  3803 | Temple   | Received a gift from Nemelex Xobeh
  3803 | Temple   | Reached * piety under Nemelex Xobeh
  3803 | Temple   | Received a gift from Nemelex Xobeh
  3803 | Temple   | Reached ** piety under Nemelex Xobeh
  3910 | D:5      | Reached skill level 5 in Fighting
  3910 | D:5      | Reached skill level 5 in Throwing
  3910 | D:5      | Reached XP level 8. HP: 81/81 MP: 6/12
  4066 | D:5      | Received a gift from Nemelex Xobeh
  4582 | D:4      | Killed Edmund
  4862 | D:6      | Found a snail-covered altar of Cheibriados.
  4922 | D:6      | Received a gift from Nemelex Xobeh
  5376 | D:7      | Reached *** piety under Nemelex Xobeh
  5588 | D:7      | Reached XP level 9. HP: 88/88 MP: 13/13
  5594 | D:7      | Found a runed door.
  5598 | D:7      | Noticed Crazy Yiuf
  5605 | D:7      | Killed Crazy Yiuf
  6130 | D:7      | Found a glowing golden altar of the Shining One.
  6130 | D:7      | Found a shadowy altar of Dithmenos.
  6659 | D:8      | Received a gift from Nemelex Xobeh
  6860 | D:8      | Noticed Erica
  6870 | D:8      | Killed Erica
  6905 | D:8      | Reached **** piety under Nemelex Xobeh
  6941 | D:8      | Noticed ceb's ghost (novice DsGl)
  6955 | D:8      | Killed ceb's ghost
  6955 | D:8      | Reached XP level 10. HP: 78/97 MP: 14/14
  7373 | D:9      | Found a staircase to the Orcish Mines.
  7416 | D:9      | Received a gift from Nemelex Xobeh
  7565 | D:9      | Found a staircase to the Lair.
  8032 | Lair:1   | Entered Level 1 of the Lair of Beasts
  8032 | Lair:1   | Noticed a spiny frog
  8039 | Lair:1   | Killed a spiny frog
  8167 | Lair:1   | Reached ***** piety under Nemelex Xobeh
  8185 | Lair:1   | Received a gift from Nemelex Xobeh
  8201 | Lair:1   | Noticed a spiny frog
  8215 | Lair:1   | Killed a spiny frog
  8783 | Lair:2   | Received a gift from Nemelex Xobeh
  8796 | Lair:2   | Noticed a spiny frog
  8807 | Lair:2   | Killed a spiny frog
  8866 | Lair:2   | Noticed Urug
  8887 | Lair:2   | Killed Urug
  8887 | Lair:2   | Reached skill level 10 in Unarmed Combat
  9256 | Lair:2   | Received a gift from Nemelex Xobeh
  9516 | Lair:3   | Found a staircase to the Snake Pit.
  9693 | D:10     | Entered Level 10 of the Dungeon
  9699 | D:10     | Received a gift from Nemelex Xobeh
  9726 | D:10     | Reached XP level 11. HP: 103/105 MP: 16/16
  9773 | D:10     | Received a gift from Nemelex Xobeh
 10006 | D:10     | Received a gift from Nemelex Xobeh
 10383 | D:10     | Reached ****** piety under Nemelex Xobeh
 10383 | D:10     | Received a gift from Nemelex Xobeh
 10684 | D:11     | Identified a scroll of acquirement
 10787 | D:11     | Learned a level 3 spell: Ozocubu's Armour
 11129 | D:11     | Received a gift from Nemelex Xobeh
 11148 | D:11     | Reached skill level 1 in Spellcasting
 11349 | D:11     | Noticed Nergalle
 11352 | D:11     | Paralysed by a hornet for 1 turns
 11356 | D:11     | Killed Nergalle
 11623 | D:11     | Received a gift from Nemelex Xobeh
 11888 | D:11     | Reached skill level 1 in Armour
 12006 | D:11     | Noticed a five-headed hydra
 12078 | D:11     | Killed a six-headed hydra
 12078 | D:11     | Reached XP level 12. HP: 114/114 MP: 17/17
 12202 | D:12     | Received a gift from Nemelex Xobeh
 12723 | D:12     | Received a gift from Nemelex Xobeh
 12772 | D:12     | Reached skill level 1 in Charms
 13301 | Orc:1    | Entered Level 1 of the Orcish Mines
 13555 | Orc:1    | Found a transporter.
 13577 | Orc:1    | Noticed an orc high priest
 13577 | Orc:1    | Noticed an ettin
 13577 | Orc:1    | Found a roughly hewn altar of Beogh.
 13578 | Orc:1    | Noticed a two-headed ogre
 13589 | Orc:1    | Noticed Gastronok
 13598 | Orc:1    | Killed Gastronok
 13599 | Orc:1    | Received a gift from Nemelex Xobeh
 13840 | Orc:2    | Entered Level 2 of the Orcish Mines
 13903 | Orc:1    | Reached skill level 1 in Shields
 13972 | Orc:1    | Killed an orc high priest
 13974 | Orc:1    | Killed an ettin
 13975 | Orc:1    | Killed a two-headed ogre
 13989 | Orc:1    | Found a transporter.
 14005 | Orc:1    | Got a heavily runed gossamer ring
 14006 | Orc:1    | Identified the ring "Jyuliodi" {rElec rPois rF+ MR- Slay+5} (You found it on level 1 of the Orcish Mines)
 14009 | Orc:1    | Got a glittering jade amulet
 14010 | Orc:1    | Identified the amulet of Wuseq {Inacc +Blink Str+3} (You found it on level 1 of the Orcish Mines)
 14205 | Orc:2    | Noticed an orc warlord
 14215 | Orc:2    | Found a staircase to the Elven Halls.
 14227 | Orc:2    | Killed an orc warlord
 14249 | Orc:2    | Noticed an orc high priest
 14259 | Orc:2    | Killed an orc high priest
 14263 | Orc:2    | Found Gitumyhi's Antique Weapon Shoppe.
 14389 | Orc:2    | Reached skill level 5 in Shields
 14391 | Orc:2    | Found Hioptukya's Antique Armour Shoppe.
 14398 | Orc:2    | Received a gift from Nemelex Xobeh
 14576 | Orc:2    | Found Qanil's General Store.
 14577 | Orc:2    | Noticed Azrael
 14586 | Orc:2    | Reached XP level 13. HP: 71/122 MP: 19/19
 14594 | Orc:2    | Killed Azrael
 14809 | Orc:2    | Found Amiutyts's Book Shop.
 15109 | Orc:2    | Bought ichor-stained ice dragon scales for 1495 gold pieces
 15119 | Orc:2    | Identified the +3 ice dragon scales of Siynux {+Fly rElec rPois rF- rC++} (You bought it in a shop on level 2 of the Orcish Mines)
 15140 | Orc:2    | Bought a scroll of teleportation for 39 gold pieces
 15140 | Orc:2    | Bought a potion of heal wounds for 65 gold pieces
 15140 | Orc:2    | Bought a scroll of identify for 26 gold pieces
 15641 | Lair:3   | Received a gift from Nemelex Xobeh
 15682 | Lair:3   | Found a staircase to the Shoals.
 15996 | Lair:3   | Reached skill level 1 in Ice Magic
 16135 | Lair:3   | Identified the Guide on Toxins
 16250 | Lair:3   | Received a gift from Nemelex Xobeh
 17198 | D:13     | Noticed a fire dragon
 17229 | D:13     | Killed a fire dragon
 17389 | D:13     | Received a gift from Nemelex Xobeh
 17614 | D:13     | Found a portal to a secret trove of treasure.
 17771 | D:13     | Found a gate to the Vaults.
 17928 | Lair:4   | Found a frozen archway.
 17995 | IceCv    | Entered an ice cave
 18299 | IceCv    | Got a fine spear
 18443 | Lair:4   | Received a gift from Nemelex Xobeh
 18784 | Lair:4   | Found an opulent altar of Gozag.
 18804 | Lair:4   | Received a gift from Nemelex Xobeh
 19247 | Lair:4   | Noticed a storm dragon
 19247 | Lair:4   | a death yak changed into a storm dragon
 19250 | Lair:4   | a storm dragon changed into a glowing shapeshifter
 19250 | Lair:4   | Noticed a storm dragon
 19250 | Lair:4   | a death yak changed into a storm dragon
 19258 | Lair:4   | Reached XP level 14. HP: 82/131 MP: 20/20
 19370 | Lair:4   | Killed a storm dragon
 19749 | Lair:5   | Reached skill level 10 in Shields
 19787 | Lair:5   | Received a gift from Nemelex Xobeh
 20015 | Lair:5   | Found a dark tunnel.
 20030 | Volcano  | Entered a volcano
 20482 | Volcano  | Found a burning altar of Makhleb.
 20503 | Volcano  | Found a bloodstained altar of Trog.
 20566 | Lair:5   | Received a gift from Nemelex Xobeh
 21004 | Lair:6   | Entered Level 6 of the Lair of Beasts
 21522 | Lair:6   | Received a gift from Nemelex Xobeh
 22050 | Lair:6   | Found a viscous altar of Jiyva.
 22050 | Lair:6   | Found a staircase to the Slime Pits.
 22309 | Shoals:1 | Entered Level 1 of the Shoals
 22354 | Shoals:1 | Noticed Kirke
 22382 | Shoals:1 | Killed Kirke
 22482 | Shoals:1 | Received a gift from Nemelex Xobeh
 22534 | Shoals:1 | Reached XP level 15. HP: 126/139 MP: 21/21
 22640 | Shoals:1 | Noticed Josephine
 22653 | Shoals:1 | Killed Josephine
 23437 | Shoals:2 | Received a gift from Nemelex Xobeh
 23837 | Shoals:2 | Received a gift from Nemelex Xobeh
 24155 | Shoals:3 | Reached skill level 10 in Invocations
 24504 | Shoals:3 | Received a gift from Nemelex Xobeh
 24666 | Shoals:3 | Found a runed door.
 24711 | Shoals:3 | Reached skill level 5 in Armour
 24773 | Shoals:3 | Identified the Almanac of Unholy Changing
 24788 | Shoals:3 | Learned a level 5 spell: Blade Hands
 25231 | Shoals:3 | Upgraded the game from 0.20.1-1-g8b1a95d to 0.20.1-2-g1830e616b0
 25263 | Shoals:4 | Entered Level 4 of the Shoals
 25298 | Shoals:4 | HP: 3/139 [merfolk/trident (18)]
 25299 | Shoals:4 | Shot with a sling bullet by a satyr

Skill      XL: |  1  2  3  4  5  6  7  8  9 10 11 12 13 14 15 |
---------------+----------------------------------------------+-----
Dodging        | 3 4 6 7 8 9 |  9.3
Unarmed Combat | 4 5 6 8 10 11 12 13 | 13.1
Throwing       | 1 2 5 6 |  6.0
Fighting       | 5 6 |  6.9
Invocations    | 7 8 9 10 | 10.4
Spellcasting   | 1 2 3 |  3.0
Armour         | 1 2 3 5 |  5.1
Charms         | 1 |  1.8
Shields        | 5 9 12 13 | 13.4
Ice Magic      | 3 |  3.1
Stealth        | |  1.1

Action                   |  1- 3 |  4- 6 |  7- 9 | 10-12 | 13-15 || total
-------------------------+-------+-------+-------+-------+-------++-------
Melee: Unarmed           |    93 |   172 |   159 |   557 |  1338 ||  2319
       Punch             |       |     4 |     9 |    30 |       ||    43
Throw: Javelin           |       |       |       |     4 |     3 ||     7
Invok: Stack Five        |       |       |       |     1 |     4 ||     5
       Deal Four         |       |       |       |       |     1 ||     1
 Abil: Evoke Flight      |       |       |       |       |     5 ||     5
       Stop Flying       |       |       |       |       |     2 ||     2
Evoke: Deck              |       |       |    14 |    64 |   100 ||   178
       Wand              |       |       |       |    10 |       ||    10
  Use: Potion            |       |     6 |     1 |     2 |     5 ||    14
       Scroll            |       |       |     9 |    10 |    10 ||    29
 Stab: Sleeping          |       |     3 |     2 |     2 |       ||     7
       Distracted        |       |       |     1 |     1 |     6 ||     8
       Paralysed         |       |       |       |     1 |       ||     1
       Petrifying        |       |       |       |       |     1 ||     1
       Petrified         |       |       |       |       |     1 ||     1
  Eat: Chunk             |    15 |    19 |    32 |    71 |    85 ||   222
       Royal jelly       |       |       |       |     1 |    11 ||    12
       Bread ration      |       |       |       |       |     1 ||     1
Armor: Robe              |    42 |    75 |    31 |    56 |    38 ||   242
       Skin              |       |     2 |       |       |       ||     2
       Troll leather arm |       |       |       |   126 |    62 ||   188
       Ice dragon scales |       |       |       |       |   426 ||   426
Dodge: Dodged            |    63 |   134 |    92 |   397 |   524 ||  1210
Block: Shield            |       |       |       |    51 |   210 ||   261
       Large shield      |       |       |       |       |  1085 ||  1085
